 Dungeon Crawl Stone Soup version 0.30.1 (webtiles) character file.

Game seed: 5331448703060185088

338 H0rd4k the Charlatan (level 6, 0/38 HPs)
             Began as an Octopode Artificer on July 5, 2023.
             Slain by a sleepcap (3 damage)
             ... on level 3 of the Dungeon.
             The game lasted 00:02:39 (2113 turns).

H0rd4k the Charlatan (Octopode Artificer)           Turns: 2113, Time: 00:02:39

Health: 0/38       AC:  1    Str: 16    XL:     6   Next: 55%
Magic:  6/6        EV: 14    Int: 14    God:
Gold:   104        SH:  0    Dex: 11    Spells: 5/5 levels left

rFire   . .          .
                       - Unarmed
rCold   + . .        (no shield)
rNeg    . . .        (helmet restricted)
rPois   +            (no amulet)
rElec   +            (no ring)
rCorr   +            (no ring)
SInv    .            (no ring)
Will    .....        (no ring)
Stlth   ++++         (no ring)
HPRegen 0.26/turn    (no ring)
MPRegen 0.10/turn    (no ring)
                     (no ring)

%: no passive effects
@: resistant, attractive
A: almost no armour, amphibious, 8 rings, camouflage 1, gelatinous body 1,
(nimble swimmer 1), tentacles, sense surroundings 1, strong 1, heat
vulnerability 1
a: no special abilities


You were on level 3 of the Dungeon.
You visited 1 branch of the dungeon, and saw 3 of its levels.

You collected 104 gold pieces.

Inventory:

Wands
 b - a wand of flame (7) (quivered)
 c - a wand of charming (13)
 d - a wand of iceblast (1)
Scrolls
 a - a scroll of magic mapping {unknown}
 e - a scroll of fog {unknown}
 g - 6 scrolls of identify {unknown}
 i - a scroll of teleportation {unknown}
 l - a scroll of amnesia {unknown}
 m - a scroll of blinking {unknown}
 n - a scroll of fear {unknown}
Potions
 f - a potion of resistance
 k - a potion of flight {unknown}


   Skills:
 + Level 1.4 Fighting
 + Level 3.8 Dodging
 + Level 4.6 Stealth
 + Level 2.4 Unarmed Combat
 + Level 5.0 Evocations


You had 5 spell levels left.
You didn't know any spells.
Your spell library contained the following spells:

 Spells                   Type           Power      Damage    Failure   Level
 Ignite Poison            Fire/Tmut/Pois 0%         N/A       65%         3
 Sticky Flame             Conj/Fire      0%         2d3       96%         4
 Ignition                 Fire           0%         3d3       100%        8


Dungeon Overview and Level Annotations

Branches:
Dungeon (3/15)

Altars:
Sif Muna

Shops:
D:3 [


Innate Abilities, Weirdness & Mutations

You cannot wear most types of armour.
You are amphibious.
You can wear up to eight rings at the same time.
Your skin changes colour to match your surroundings (Stealth+).
Your rubbery body absorbs attacks. (AC +1, EV +1)
((You are camouflaged when in or above water. (Stealth+)))
You have tentacles for arms and can constrict up to eight enemies at once.
You passively map a small area around you.
Your muscles are strong. (Str +4, Int/Dex -1)
You are vulnerable to heat. (rF-)


Message History

You constrict the sleepcap. The sleepcap misses you.
You tentacle-slap the sleepcap but do no damage.
The sleepcap is moderately damaged.
You constrict the sleepcap.
An orc comes into view. It is wielding a +0 hand axe.
The sleepcap releases spores at you.
The orc shouts!
You tentacle-slap the sleepcap but do no damage.
You squeeze the sleepcap, but do no damage.
The sleepcap is moderately damaged.
You constrict the sleepcap.
You hear an angry hiss.
The sleepcap misses you.
You tentacle-slap the sleepcap.
The sleepcap is heavily damaged.
You constrict the sleepcap, but do no damage.
The sleepcap closely misses you.
An orc comes into view. It is wielding a +0 hand axe.
The orc shouts!
You tentacle-slap the sleepcap but do no damage.
You squeeze the sleepcap.
The sleepcap is severely damaged.
You constrict the sleepcap. The sleepcap barely misses you.
The orc priest mumbles some strange prayers to Beogh against you.
Beogh smites you!
* * * LOW HITPOINT WARNING * * *
You release your grip on the sleepcap.
Okay, then.
It was a potion of resistance.
You feel protected. The sleepcap misses you.
It was a potion of mutation.
You feel extremely strange.
You feel vulnerable to heat.
You feel a strange attunement to the structure of the dungeons.
You feel stronger. The sleepcap closely misses you.
It was a potion of attraction.
You feel attractive to monsters. The sleepcap releases spores at you.
You die...

,* , , ...####...# #.
#.#.##.........# #.
#.#.##........## #.
#.#.##.#####..# ##.
#.#.##.### #..# #..
*#####....#... ...# #..
............# ##.## #.. *
#.....##.# #.# ##.
#@#*#.# #.# #. #, #f# #.#
#.# #. *
###..#o###†####.######. ,
,......oo)............†..
* *
####.r.o....!###########
.o...#.####.# * ,
####.#.#* #.# #.#.. ... ,
. ... ._..


You could see a sleepcap, an orc priest and 3 orcs.

Vanquished Creatures
  Sigmund (D:2)
  Natasha (thrice) (D:2)
  Robin (D:2)
  An adder (D:3)
  A dart slug (D:2)
  5 bats
  2 endoplasms (D:1)
  A giant cockroach (D:1)
  13 goblins
  6 hobgoblins
  4 jackals (D:2)
  6 kobolds
  A quokka (D:2)
  A ball python (D:2)
  A frilled lizard (D:1)
  3 rats
50 creatures vanquished.

Vanquished Creatures (collateral kills)
  2 gnolls (D:3)
  An orc (D:3)
  A rat (D:3)
4 creatures vanquished.

Vanquished Creatures (others)
  A hobgoblin (D:2)
1 creature vanquished.

Grand Total: 55 creatures vanquished

Notes
Turn   | Place    | Note
-------+----------+-------------------------------------------
     0 | D:1      | H0rd4k the Octopode Artificer began the quest for the Orb.
     0 | D:1      | Reached XP level 1. HP: 13/13 MP: 1/1
     4 | D:1      | Noticed an electric eel
     5 | D:1      | Noticed an electric eel
   248 | D:1      | Reached XP level 2. HP: 13/18 MP: 2/2
  1016 | D:2      | Noticed Sigmund
  1019 | D:2      | Killed Sigmund
  1020 | D:2      | Reached skill level 1 in Unarmed Combat
  1020 | D:2      | Reached skill level 4 in Evocations
  1020 | D:2      | Reached XP level 3. HP: 23/23 MP: 3/3
  1020 | D:2      | Reached XP level 4. HP: 28/28 MP: 4/4
  1020 | D:2      | Reached XP level 5. HP: 33/33 MP: 5/5
  1047 | D:2      | Noticed Robin
  1571 | D:2      | Killed Robin
  1654 | D:2      | Noticed Natasha
  1658 | D:2      | Killed Natasha
  1659 | D:2      | Reached XP level 6. HP: 38/38 MP: 6/6
  1754 | D:2      | Noticed Natasha
  1763 | D:2      | Killed Natasha
  1764 | D:2      | Reached skill level 5 in Evocations
  1863 | D:2      | Noticed Natasha
  1867 | D:2      | Killed Natasha
  1942 | D:3      | Found Jynos's Antique Armour Shop.
  2089 | D:3      | Found a shimmering blue altar of Sif Muna.
  2112 | D:3      | Gained mutation: You are vulnerable to heat. (rF-) [potion
                  | of mutation]
  2112 | D:3      | Gained mutation: You passively map a small area around you.
                  | [potion of mutation]
  2112 | D:3      | Gained mutation: Your muscles are strong. (Str +4, Int/Dex
                  | -1) [potion of mutation]
  2113 | D:3      | Slain by a sleepcap

Illustrated notes

Levels and vault maps discovered:
D:1:      arrival_aquarium_b, layout_basic
D:2:      layout_loops_ring, dk_vineyard_3, uniq_natasha, uniq_sigmund,
          uniq_robin
D:3:      layout_loops_ring, mainiacjoe_overflow_alcove_2,
          dreamdust_ecumenical_altar_grove, serial_shops, shop

Skill      XL: |  1  2  3  4  5  6 |
---------------+-------------------+-----
Stealth        | 3 4 |  4.6
Dodging        | 3 |  3.8
Unarmed Combat | 1 2 |  2.4
Evocations     | 4 5 |  5.0
Fighting       | |  1.4

Action                     |  1- 3 |  4- 6 || total
---------------------------+-------+-------++-------
  Melee: Unarmed           |    42 |    69 ||   111
         Tentacles         |    15 |    19 ||    34
         Constrict         |    12 |    22 ||    34
         Punch             |     1 |     2 ||     3
  Evoke: Wand              |     2 |    12 ||    14
    Use: Potion            |       |     3 ||     3
   Stab: Sleeping          |     5 |     5 ||    10
         Distracted        |     1 |       ||     1
 Armour: Skin              |     2 |     4 ||     6
  Dodge: Dodged            |    16 |    55 ||    71
